Map: Campi della morte

Players

Tinwe - Winner!

  • Race: Terran Terran
  • League: Diamond

ZaMBoR - Winner!

  • Race: Zerg Zerg

Mørtebianca

  • Race: Zerg Zerg
  • League: Diamond

Jhyrachy

  • Race: Zerg Zerg
  • League: Silver

VOD

Have the link to the VOD?

Description

Time

  • Played on: Dec. 17, 2015, 5:53 p.m.
  • Length: 15:10
Show
View Real Time Build Order
Export as new Build Order

Tinwe Terran - Winner!

Build Orders: MMM Bio 

Get SALT Encoding   

  12  0:00  SCV  
  13  0:12  SCV  
  14  0:25  SCV  
  14  0:26  Supply Depot  
  15  0:38  Refinery  
  15  0:47  SCV  
  15  0:49  Barracks  
  16  0:59  SCV  
  17  1:08  Barracks  
  17  1:11  SCV  
  18  1:24  SCV  
  19  1:40  Reaper  
  19  1:41  Orbital Command  
  19  1:43  Supply Depot  
  20  1:49  Bunker  
  20  1:56  Reaper  
  21  2:07  SCV  
  22  2:12  Reaper  
  23  2:19  SCV  
  23  2:21  Supply Depot  
  23  2:22  Supply Depot  
  24  2:31  SCV  
  24  2:33  Reaper  
  25  2:44  Reaper  
  26  2:52  Command Center  
  26  3:13  Reaper  
  26  3:16  Reaper  
  28  3:28  SCV  
  29  3:40  SCV  
  30  3:44  Barracks  
  30  3:47  Refinery  
  30  3:49  Barracks  
  30  3:52  SCV  
  29  4:02  Reaper x2  
  30  4:12  SCV  
  28  4:17  Orbital Command  
  28  4:25  SCV  
  29  4:31  Barracks Tech Lab  
  29  4:34  Marine x2, Factory  
  29  4:36  Refinery  
  29  4:37  SCV  
  29  4:38  Barracks Reactor  
  32  4:47  SCV  
  32  4:49  SCV  
  36  4:59  SCV  
  35  5:01  SCV  
  35  5:04  Marine x2  
  35  5:22  Marine x2  
  36  5:40  SCV x2  
  38  5:43  Barracks Reactor  
  38  5:46  Barracks Reactor  
  38  5:52  Barracks Reactor  
  38  5:53  Barracks Tech Lab  
  38  5:54  SCV x2  
  40  5:59  Supply Depot  
  40  6:05  Starport  
  40  6:07  SCV  
  41  6:11  Command Center  
  41  6:15  Command Center  
  39  6:19  Marine x3  
  39  6:23  Stimpack  
  42  6:35  Marine x4  
  42  6:36  Marine x2  
  42  6:37  Factory Reactor, Command Center, Marine  
  42  6:38  SCV x2  
  47  6:46  Supply Depot  
  47  6:49  Refinery  
  47  6:50  SCV x2  
  47  6:52  Marine x2  
  47  6:53  Marine  
  52  6:54  Marine x2  
  54  7:07  Marine x2  
  56  7:09  Supply Depot  
  56  7:19  SCV x2  
  58  7:24  Orbital Command  
  58  7:26  Engineering Bay  
  58  7:28  Orbital Command, Engineering Bay  
  58  7:31  SCV x2  
  58  7:32  Medivac  
  60  7:46  Marine  
  60  7:47  Marine x5  
  60  7:49  Medivac  
  64  7:54  Orbital Command  
  57  8:00  Marine  
  57  8:04  Marine x2  
  58  8:07  Marine x2  
  58  8:09  Marine x2  
  58  8:12  SCV  
  62  8:17  SCV x2  
  62  8:18  SCV  
  65  8:24  Terran Infantry Weapons Level 1, Combat Shields  
  65  8:26  Terran Infantry Armor Level 1  
  65  8:27  Marauder, Marine  
  65  8:30  Medivac  
  65  8:32  Medivac  
  72  8:35  Marine  
  72  8:37  SCV x2  
  72  8:38  SCV  
  72  8:39  Factory Tech Lab, SCV  
  72  8:40  SCV  
  78  8:46  Armory  
  78  8:49  SCV  
  78  8:53  SCV  
  78  8:54  SCV  
  81  8:55  Refinery, Marine x2  
  81  8:56  Marauder, Marine  
  81  8:58  Siege Tank  
  89  9:04  Factory  
  89  9:17  Marauder  
  91  9:29  Marine x3  
  92  9:31  Siege Tank  
  92  9:32  Medivac x2  
  92  9:35  SCV x2  
  92  9:37  SCV x2  
  103  9:38  Refinery  
  103  9:39  Marauder  
  103  9:41  Terran Vehicle Weapons Level 1  
  103  9:44  Supply Depot  
  103  9:45  Supply Depot  
  101  10:00  Marauder, Marine x3  
  101  10:03  Factory Tech Lab  
  101  10:05  Factory  
  106  10:11  Factory  
  106  10:12  Factory  
  106  10:17  Medivac x2  
  106  10:19  Cyclone  
  113  10:21  Marauder  
  114  10:32  Thor  
  120  10:43  Marauder  
  120  10:44  Barracks Tech Lab  
  120  10:45  Barracks Tech Lab  
  120  10:47  Barracks Tech Lab  
  122  10:51  Cyclone  
  125  11:01  Orbital Command  
  125  11:04  Marauder, Factory Tech Lab x3  
  127  11:15  Cyclone  
  130  11:37  Refinery, Supply Depot  
  130  11:38  Supply Depot  
  130  11:39  Supply Depot x2  
  130  11:42  Refinery  
  130  11:49  Cyclone, Marauder  
  130  11:59  Thor x2  
  130  12:00  Thor x2  
  154  12:03  Supply Depot  
  154  12:07  Supply Depot  
  154  12:13  Marine  
  152  12:21  Siege Tank  
  155  12:24  SCV x2  
  155  12:26  SCV x3  
  160  12:32  Starport  
  160  12:35  Starport Tech Lab  
  160  12:36  Terran Vehicle Weapons Level 2, SCV x2  
  162  12:37  Terran Infantry Weapons Level 2  
  162  12:38  Marine  
  162  12:42  Cyclone x2, Marauder x3  
  162  12:43  Siege Tank  
  178  12:55  Siege Tank  
  178  12:56  Marauder  
  178  12:58  Siege Tank  
  172  13:03  Marauder, Marine  
  172  13:04  Marauder  
  177  13:17  Marine  
  178  13:21  Marine  
  178  13:23  Starport Tech Lab  
  179  13:38  Supply Depot  
  179  13:39  Supply Depot x2  
  179  13:41  Supply Depot  
  179  13:59  Banshee, Marine x2  
  179  14:00  Siege Tank x2, Cyclone x2, Marauder  
  198  14:10  Siege Tank  
  198  14:14  Command Center  
  198  14:15  Command Center  
  194  14:17  Marine  
  194  14:18  Marauder  
  194  14:21  Marine  
  190  14:32  Cyclone  
  190  14:36  Marauder  
  198  14:39  Marine  
Show
View Real Time Build Order
Export as new Build Order

ZaMBoR Zerg - Winner!

Build Orders: Hatch First, Lurkers 

Get SALT Encoding   

  12  0:02  Drone  
  13  0:13  Overlord  
  13  0:21  Drone  
  14  0:33  Drone x2  
  16  0:37  Drone  
  17  0:55  Hatchery  
  16  1:03  Drone  
  17  1:13  Spawning Pool  
  17  1:14  Drone  
  17  1:19  Drone  
  17  1:20  Drone  
  19  1:28  Extractor  
  19  1:29  Drone  
  19  1:40  Overlord  
  19  1:53  Drone  
  20  2:02  Queen  
  20  2:03  Drone  
  20  2:06  Queen  
  20  2:08  Drone  
  26  2:13  Drone  
  27  2:20  Drone  
  28  2:23  Drone  
  29  2:35  Drone  
  29  2:36  Drone  
  31  2:38  Lair  
  31  2:45  Overlord  
  31  2:47  Drone  
  32  2:52  Extractor  
  32  2:53  Drone  
  32  2:55  Drone  
  32  2:57  Extractor  
  32  3:08  Drone  
  32  3:09  Roach Warren  
  32  3:10  Drone x4  
  36  3:14  Extractor  
  36  3:16  Drone x4  
  39  3:23  Overlord  
  39  3:26  Drone  
  40  3:30  Drone  
  41  3:37  Drone  
  41  3:40  Overlord  
  42  3:43  Drone  
  42  3:44  Drone x2  
  45  3:51  Drone x3  
  48  3:59  Hydralisk Den  
  48  4:02  Evolution Chamber  
  46  4:04  Drone, Evolution Chamber  
  46  4:06  Drone x2  
  48  4:10  Drone  
  48  4:15  Drone  
  48  4:16  Overlord  
  48  4:17  Drone x2  
  52  4:27  Spore Crawler x2  
  52  4:28  Spore Crawler  
  52  4:30  Spore Crawler  
  48  4:31  Drone  
  48  4:32  Overlord  
  48  4:34  Glial Reconstitution  
  48  4:37  Lurker Den  
  49  4:41  Zerg Missile Weapons Level 1  
  49  4:46  Zerg Ground Armor Level 1  
  49  5:04  Roach  
  49  5:05  Roach x3  
  57  5:07  Roach  
  57  5:08  Roach x2  
  63  5:14  Roach  
  63  5:15  Overlord  
  63  5:16  Roach x2  
  69  5:22  Roach  
  71  5:31  Roach x3  
  71  5:32  Roach x2  
  68  5:59  Roach x2  
  68  6:00  Roach x4  
  68  6:03  Hatchery  
  77  6:13  Queen  
  77  6:17  Roach x3  
  75  6:36  Overlord  
  75  6:37  Roach x4  
  75  6:38  Overlord x2  
  83  6:51  Zerg Missile Weapons Level 2, Zerg Ground Armor Level 2  
  83  7:09  Overlord  
  83  7:10  Roach x7  
  83  7:11  Roach  
  99  7:16  Queen  
  99  7:21  Drone x3  
  104  7:25  Drone, Overlord  
  104  7:26  Drone  
  106  7:44  Roach x6  
  96  8:03  Roach x7  
  96  8:04  Roach x3  
  102  8:17  Drone x3  
  105  8:28  Overlord  
  105  8:29  Drone x2  
  107  8:34  Drone  
  108  8:44  Overlord  
  108  8:45  Drone x5  
  111  8:48  Extractor  
  108  8:59  Extractor, Overlord, Hydralisk x4  
  108  9:00  Hydralisk x2  
  119  9:09  Infestation Pit  
  118  9:18  Hydralisk x5, Overlord  
  128  9:25  Hydralisk x2, Overlord  
  128  9:26  Hydralisk  
  134  9:42  Hydralisk x2, Overlord  
  138  9:52  Hatchery  
  135  9:59  Lurker x4  
  140  10:00  Lurker x3  
  140  10:03  Overlord, Hydralisk x2  
  140  10:04  Hydralisk x2  
  150  10:14  Drone  
  151  10:22  Hydralisk x3, Overlord  
  151  10:26  Hive  
  157  10:30  Muscular Augments  
  157  10:38  Pneumatized Carapace  
  157  10:39  Hydralisk x2  
  161  10:58  Hydralisk x3, Overlord  
  161  10:59  Roach x3  
  161  11:01  Overlord  
  173  11:24  Lurker x4, Hydralisk, Overlord  
  173  11:25  Hydralisk x2, Roach x2  
  181  11:26  Roach  
  169  11:47  Hydralisk x3  
  169  11:48  Roach x4  
  183  12:03  Hydralisk  
  183  12:04  Hydralisk x2, Roach x3  
  183  12:07  Lurker x4  
  185  12:12  Hydralisk  
  185  12:13  Roach  
  186  12:23  Drone x5  
  186  12:24  Drone  
  192  12:31  Zerg Missile Weapons Level 3  
  192  12:41  Extractor  
  192  12:42  Drone x3  
  192  12:43  Drone x2, Extractor  
  174  13:21  Hydralisk x3  
  174  13:22  Hydralisk x2, Roach x5  
  143  13:36  Hydralisk x2, Roach  
  143  13:37  Roach  
  99  13:51  Hatchery  
  98  13:56  Hydralisk  
  98  13:57  Hydralisk x2, Roach x2  
  98  13:59  Hatchery  
  107  14:06  Lurker x2  
  107  14:07  Lurker x3  
  107  14:09  Hydralisk x2  
  112  14:10  Roach x3  
  122  14:24  Drone x4  
  122  14:25  Drone x2  
  128  14:50  Roach x4  
Show
View Real Time Build Order
Export as new Build Order

Mørtebianca Zerg 

Build Orders: Hatch First 

Get SALT Encoding   

  12  0:01  Drone  
  13  0:08  Drone  
  14  0:17  Overlord  
  14  0:36  Drone x3  
  17  0:55  Hatchery  
  16  0:57  Drone  
  16  1:03  Drone  
  18  1:14  Extractor, Drone  
  18  1:20  Spawning Pool  
  18  1:22  Drone  
  18  1:39  Drone  
  19  1:41  Drone  
  20  1:52  Hatchery  
  19  1:55  Drone  
  20  2:07  Zergling x2  
  20  2:08  Zergling x2  
  22  2:13  Zergling x2  
  23  2:24  Metabolic Boost  
  23  2:26  Zergling x4  
  25  2:32  Zergling x2  
  25  2:35  Queen  
  28  2:40  Spine Crawler  
  27  2:44  Drone  
  28  2:56  Overlord x2  
  27  3:05  Spine Crawler  
  26  3:06  Spore Crawler  
  25  3:18  Queen  
  28  3:22  Drone x2  
  28  3:23  Drone x3  
  32  3:32  Drone x2  
  32  3:33  Drone  
  35  3:44  Zergling x8  
  35  3:45  Zergling x2  
  40  3:52  Zergling x6  
  41  4:02  Zergling x8  
  43  4:14  Drone x4  
  47  4:19  Drone x2  
  47  4:21  Drone  
  47  4:22  Lair  
  50  4:27  Extractor  
  50  4:29  Drone, Extractor  
  50  4:30  Overlord  
  49  4:33  Overlord  
  49  4:41  Overlord  
  49  4:50  Drone x3  
  49  4:52  Drone x3  
  55  4:56  Drone x2  
  57  5:05  Zergling x10  
  61  5:15  Zergling x4  
  63  5:28  Zergling x12  
  68  5:32  Zergling x2  
  64  5:38  Drone x2, Queen  
  64  5:42  Drone  
  64  5:45  Evolution Chamber  
  64  5:46  Drone  
  64  5:47  Drone, Evolution Chamber  
  60  6:05  Drone x2  
  60  6:08  Drone x6  
  60  6:09  Drone x3  
  70  6:20  Zergling x2  
  70  6:24  Drone  
  70  6:25  Zerg Ground Armor Level 1, Zerg Missile Weapons Level 1, Roach Warren  
  68  6:34  Zergling x10  
  72  6:40  Queen  
  72  6:43  Drone x2  
  72  6:44  Extractor, Drone x2  
  72  6:45  Extractor, Overlord  
  72  6:46  Overlord x2  
  71  6:56  Extractor  
  71  7:00  Overlord x2  
  71  7:01  Overlord  
  69  7:06  Roach  
  69  7:07  Roach x2  
  70  7:09  Roach x3  
  70  7:10  Roach x3  
  70  7:14  Roach x3  
  70  7:15  Roach  
  90  7:16  Queen  
  90  7:19  Drone  
  90  7:22  Glial Reconstitution, Hydralisk Den  
  92  7:30  Roach x3  
  92  7:36  Roach  
  100  7:38  Roach x2  
  104  7:48  Roach  
  104  7:49  Roach x6  
  104  7:50  Roach  
  120  7:52  Roach  
  120  7:56  Roach x3  
  118  8:09  Roach  
  118  8:10  Roach x2  
  122  8:19  Burrow  
  122  8:22  Overlord x3  
  122  8:23  Overlord  
  122  8:28  Overlord x2  
  122  8:32  Zerg Missile Weapons Level 2  
  122  8:33  Spore Crawler  
  121  8:53  Hatchery  
  121  8:54  Overseer x2  
  121  8:55  Ravager  
  121  8:56  Overseer  
  121  8:58  Pneumatized Carapace  
  121  9:00  Drone x3  
  121  9:01  Drone  
  121  9:02  Drone x2  
  127  9:03  Drone  
  127  9:09  Roach x3  
  146  9:10  Roach x6  
  146  9:11  Roach  
  147  9:20  Roach x2  
  147  9:21  Roach x2  
  149  9:35  Overlord x5  
  149  9:36  Overlord  
  149  9:53  Overlord x2  
  149  9:54  Drone x3  
  149  9:55  Drone x2  
  154  10:02  Hydralisk  
  154  10:03  Hydralisk x2  
  160  10:10  Ravager  
  160  10:11  Ravager x4  
  165  10:27  Roach x7  
  179  10:40  Roach x4  
  187  10:52  Hatchery  
  187  10:54  Ravager x5  
  187  10:56  Zergling x14  
  192  11:25  Ravager  
  192  11:26  Ravager x6  
  192  11:27  Zergling x4  
  163  11:47  Roach x10  
  163  11:48  Roach  
  172  12:14  Zerg Ground Armor Level 2  
  172  12:20  Roach x5, Infestation Pit  
  172  12:21  Roach x4  
  189  12:24  Drone x2  
  191  12:31  Tunneling Claws  
  191  12:33  Muscular Augments  
  191  12:37  Zergling x2  
  191  12:38  Zergling x8  
  177  13:12  Roach  
  177  13:13  Roach x11  
  170  13:33  Roach  
  170  13:34  Roach x4  
  91  13:49  Roach x11  
  91  13:50  Roach  
  91  13:51  Roach x4  
  101  13:59  Hatchery, Extractor  
  101  14:00  Roach x2  
  101  14:01  Extractor  
  102  14:08  Roach x8  
  102  14:13  Roach x9  
  118  14:19  Roach x2  
  123  14:24  Ravager  
  123  14:25  Ravager x8  
  123  14:30  Roach  
  123  14:31  Roach x2  
  125  14:33  Ravager  
  125  14:34  Ravager x5  
  125  14:35  Roach x16  
  125  14:36  Ravager  
  125  14:37  Zergling x2  
  133  14:45  Ravager  
Show
View Real Time Build Order
Export as new Build Order

Jhyrachy Zerg 

Build Orders: Hatch First 

Get SALT Encoding   

  12  0:02  Drone  
  13  0:13  Overlord  
  13  0:17  Drone  
  14  0:31  Drone x2  
  14  0:35  Drone  
  17  0:56  Hatchery  
  16  0:58  Drone  
  17  1:04  Extractor, Drone  
  17  1:17  Spawning Pool  
  16  1:22  Drone  
  17  1:55  Drone x2  
  17  1:57  Drone  
  20  2:12  Queen  
  22  2:17  Roach Warren  
  21  2:26  Queen  
  21  2:28  Hatchery  
  22  2:38  Drone  
  22  2:42  Drone  
  22  2:43  Drone x2  
  26  3:00  Spine Crawler  
  25  3:08  Drone  
  25  3:09  Drone x2  
  25  3:11  Overlord  
  28  3:26  Spine Crawler  
  27  3:28  Drone  
  27  3:29  Drone x3  
  31  3:44  Spine Crawler  
  28  3:52  Queen  
  30  4:02  Drone x4  
  34  4:03  Drone x6  
  40  4:20  Drone x2  
  40  4:21  Overlord x3  
  42  4:26  Overlord  
  42  4:32  Lair  
  42  5:01  Pneumatized Carapace  
  42  5:17  Drone x2  
  42  5:18  Drone x4  
  42  5:19  Drone  
  49  5:24  Drone  
  49  5:25  Drone x5  
  49  5:27  Drone  
  56  5:39  Glial Reconstitution  
  56  5:49  Extractor  
  55  5:53  Spore Crawler  
  54  5:57  Spore Crawler  
  54  6:03  Roach x7  
  54  6:04  Roach x3  
  73  6:05  Overlord x3  
  73  6:31  Roach x4  
  73  6:32  Roach x8  
  97  6:37  Extractor  
  96  6:42  Overlord x5  
  96  6:48  Extractor  
  93  7:14  Burrow  
  93  7:20  Evolution Chamber  
  92  7:23  Evolution Chamber  
  92  7:26  Drone x4  
  92  7:27  Drone  
  92  7:29  Drone x3  
  69  7:56  Ravager x3  
  69  7:57  Ravager x2  
  72  8:19  Zerg Missile Weapons Level 1  
  72  8:20  Zerg Ground Armor Level 1  
  72  8:25  Tunneling Claws  
  72  8:29  Roach x2  
  72  8:30  Roach  
  78  8:39  Extractor  
  78  8:40  Extractor  
  76  9:36  Roach x16  
  76  9:37  Roach x8  
  124  9:41  Roach  
  124  9:42  Roach x5  
  136  10:25  Overlord x2  
  136  10:26  Overlord x3  
  136  10:31  Queen  
  136  10:32  Zerg Missile Weapons Level 2, Zerg Ground Armor Level 2  
  136  10:33  Hatchery  
  137  11:08  Roach x21  
  100  11:27  Roach x18  
  92  11:34  Roach x12  
  64  12:21  Roach  
  64  12:22  Roach x10  
  90  12:23  Roach x11  
  90  12:24  Roach x3  
  114  12:42  Hatchery  
  113  12:58  Ravager x6  
  114  12:59  Ravager x5  
  114  13:02  Ravager x10  
  114  13:03  Ravager x4  
  138  13:09  Extractor  
  138  13:11  Extractor  
  70  13:34  Roach  
  70  13:35  Roach x17  
  70  13:36  Roach x2  
  107  13:45  Infestation Pit  
  99  14:11  Queen  
  99  14:12  Hatchery  
  99  14:13  Roach x10  
  88  14:25  Roach x10  
  80  14:46  Ravager x8  
  80  14:47  Ravager x2  
Tags
 
Add a new tag
Caveats
  • Supply blocks, unpowered buildings, or Contaminate may cause inaccurate times.
  • Supply counts are checked every 10 seconds.